 Dungeon Crawl Stone Soup version 0.31-a0-187-gba352fbbf7 (webtiles) character file.

Game seed: 8099216622490734227

1234 qw the Skirmisher (level 8, -13/46 HPs)
             Began as a Deep Elf Hunter on June 22, 2023.
             Killed from afar by an electric eel (14 damage)
             ... with a bolt of electricity
             ... on level 6 of the Dungeon.
             The game lasted 00:02:24 (4840 turns).

qw the Skirmisher (Deep Elf Hunter)                 Turns: 4840, Time: 00:02:25

Health: -13/46     AC:  7    Str: 10    XL:     8   Next: 24%
Magic:  10/10      EV: 12    Int: 15    God:
Gold:   258        SH:  0    Dex: 21    Spells: 7/7 levels left

rFire   x . .        Y - +2 shortbow
rCold   . . .        (shield currently unavailable)
rNeg    . . .        b - +1 ring mail of Egalitarianism {rF- rCorr Dex+3}
rPois   +            j - +1 hat
rElec   .            (no cloak)
rCorr   +            (no gloves)
SInv    .            (no boots)
Will    .....        (no amulet)
Stlth   +            k - ring of poison resistance
HPRegen 0.27/turn    (no ring)
MPRegen 0.12/turn

%: no passive effects
@: no status effects
A: no striking features
a: no special abilities


You were on level 6 of the Dungeon.
You visited 2 branches of the dungeon, and saw 7 of its levels.

You collected 258 gold pieces.


   Skills:
 - Level 3.3 Fighting
 + Level 12.3 Ranged Weapons
 - Level 1.0 Armour
 - Level 4.1 Dodging
 - Level 1.2 Stealth


You had 7 spell levels left.
You didn't know any spells.
Your spell library was empty.

Inventory:

Hand Weapons
 Y - a +2 shortbow (weapon)
Armour
 b - the +1 ring mail of Egalitarianism (worn) {rF- rCorr Dex+3}
   (You found it on level 2 of the Dungeon)

   Dex:       It affects your dexterity (+3).
   rF:        It makes you vulnerable to fire.
   rCorr:     It protects you from acid and corrosion.
 f - a +0 ring mail
 j - a +1 hat (worn)
Jewellery
 h - a ring of fire
 k - a ring of poison resistance (left hand)
 l - the amulet "Darhis" {Regen+ SInv}
   (You found it on level 6 of the Dungeon)

   [amulet of regeneration]

   SInv:      It lets you see invisible.
   Regen:     It increases your rate of health regeneration.
 m - a ring of ice
Wands
 a - a wand of digging (8)
Scrolls
 c - a scroll of teleportation
 g - 3 scrolls of identify
Potions
 d - 4 potions of curing
 e - a potion of berserk rage {unknown}
 i - a potion of degeneration {unknown}
 n - a potion of might {unknown}

Dungeon Overview and Level Annotations

Branches:
Dungeon (6/15)             Temple (1/1) D:5

Altars:
Ashenzari
Cheibriados
Elyvilon
Fedhas
Gozag
Hepliaklqana
Makhleb
Nemelex Xobeh
Ru
Trog
Uskayaw
Vehumet
Wu Jian
Xom
Zin
The Shining One

Annotations:
D:6 1 runed translucent door, exclusion: electric eel


Message History

Enter note:
Enter note:
Enter note:
Enter note:
Enter note:
Enter note: You shoot an arrow.
The arrow hits the electric eel.
The electric eel is moderately wounded.
You shoot an arrow. The arrow misses the electric eel.
The electric eel shoots out a bolt of lightning at you!
The bolt of electricity hits you!
You shoot an arrow. The arrow hits the electric eel.
The electric eel is heavily wounded.
The electric eel shoots out a bolt of lightning at you!
The bolt of electricity hits you!
Enter note:
Enter note:
Enter note:
Enter note:
Enter note:
Enter note:
Enter note:
Enter note:
4837 ||| UPGRADING to amulet "Darhis" {Regen+ SInv}.
You start putting on your amulet.
You continue putting on the amulet "Darhis" {Regen+ SInv}.
The electric eel shoots out a bolt of lightning at you!
Keep equipping yourself?
The bolt of electricity hits you!
You continue putting on the amulet "Darhis" {Regen+ SInv}. x2
The electric eel shoots out a bolt of lightning at you!
The bolt of electricity hits something.
The bolt of electricity misses you. The bolt of electricity hits you!
A sky beast appears from thin air!
Reactivating autopickup.
The sky beast hits you but does no damage.
You continue putting on the amulet "Darhis" {Regen+ SInv}.
The electric eel shoots out a bolt of lightning at you!
The bolt of electricity hits the sky beast.
The sky beast completely resists.
The bolt of electricity hits you!
You die...

## ...############ ##
##......#....@# )
..........###Y# #
####.#.#.### ...
###....#.#># .~~~~
########## ....##.#.#.#
#.~~S~.###........#
#.#.##.#...#
#.~~~~.#.....####.#
.###...#..## #.~~~~.###.#.#
#.#
#.#.##.#..####.~~~~.###.#.#
#.# ##.###:......# #.....#
#.#


You could see a sky beast and an electric eel.

Vanquished Creatures
  Grinder (D:6)
  A black bear (D:6)
  A sky beast (D:5)
  3 ogres
  3 scorpions
  3 hounds
  An iguana (D:4)
  An orc wizard (D:4)
  4 gnolls (D:6)
  15 adders
  A white imp (D:6)
  An ufetubus (D:5)
  A worm (D:2)
  4 dart slugs
  12 orcs
  5 ball pythons
  4 bats
  7 endoplasms
  4 giant cockroaches
  7 hobgoblins
  6 jackals
  11 kobolds
  A quokka (D:1)
  4 frilled lizards
  8 goblins
  6 rats
115 creatures vanquished.

Notes
Turn   | Place    | Note
-------+----------+-------------------------------------------
     0 | D:1      | qw the Deep Elf Hunter began the quest for the Orb.
     0 | D:1      | Reached XP level 1. HP: 12/12 MP: 3/3
     0 | D:1      | 0 ||| qw: Version: 0.3-a-9-g12657ce
     0 | D:1      | 0 ||| qw: Game counter: 2185
     0 | D:1      | 0 ||| qw: Always use a shield: true
     0 | D:1      | 0 ||| qw: God list: Okawaru
     0 | D:1      | 0 ||| qw: Allow faded altars: false
     0 | D:1      | 0 ||| qw: Do Orc after D:15 true
     0 | D:1      | 0 ||| qw: Do second Lair branch before Depths: true
     0 | D:1      | 0 ||| qw: Lair rune preference: random
     0 | D:1      | 0 ||| qw: Plans: Normal
     0 | D:1      | 0 ||| PLANNING D:1-11
   165 | D:1      | Reached skill level 6 in Ranged Weapons
   165 | D:1      | Reached XP level 2. HP: 16/16 MP: 4/4
   256 | D:1      | You fall into a shaft and drop 1 floor!
   263 | D:2      | 263 ||| UPGRADING to +0 ring mail.
   273 | D:2      | 273 ||| DROPPING +0 leather armour.
   274 | D:2      | 274 ||| READING scroll labelled KOYVALI PO ISHOE.
   275 | D:2      | 275 ||| READING scroll labelled BONUSK BYXT.
   276 | D:2      | 276 ||| DRINKING 2 amethyst potions.
   277 | D:2      | 277 ||| DROPPING scroll of butterflies.
   322 | D:1      | Reached XP level 3. HP: 20/20 MP: 5/5
   509 | D:1      | Found a faded altar of an unknown god.
   588 | D:1      | 588 ||| READING scroll labelled WUKETO COLE.
   637 | D:2      | Identified the +1 ring mail of Egalitarianism {rF- rCorr
                  | Dex+3}
   833 | D:2      | Reached skill level 7 in Ranged Weapons
  1127 | D:2      | 1127 ||| UPGRADING to +1 ring mail of Egalitarianism {rF-
                  | rCorr Dex+3}.
  1137 | D:2      | 1137 ||| READING 2 scrolls labelled QEYBRU RIADO.
  1140 | D:2      | 1140 ||| READING scroll labelled QONTOT TEFFAO.
  1159 | D:3      | 1159 ||| STAIRDANCE
  1204 | D:3      | Reached XP level 4. HP: 25/25 MP: 6/6
  1359 | D:3      | Found a blossoming altar of Fedhas.
  1370 | D:3      | Reached skill level 8 in Ranged Weapons
  1874 | D:3      | 1874 ||| UPGRADING to +1 hat.
  1879 | D:3      | 1879 ||| READING scroll labelled JAIRHI ZYXUWESIMOT.
  1881 | D:3      | 1881 ||| Stepping ~*~*~tactically~*~*~ (cloud).
  1882 | D:3      | 1882 ||| DRINKING 2 potions of curing.
  1882 | D:3      | 1882 ||| (to cure poison)
  1902 | D:3      | HP: 6/25 [poisoned by you (poison gas)]
  2042 | D:4      | Reached XP level 5. HP: 24/29 MP: 7/7
  2051 | D:4      | 2051 ||| FLEEEEING.
  2053 | D:4      | 2053 ||| STAIRDANCE
  2077 | D:4      | 2077 ||| STAIRDANCE
  2085 | D:3      | Reached skill level 9 in Ranged Weapons
  2137 | D:4      | 2137 ||| READING scroll of enchant weapon.
  2137 | D:4      | 2137 ||| ENCHANTING +1 shortbow.
  2268 | D:4      | Reached skill level 3 in Dodging
  2317 | D:4      | Reached XP level 6. HP: 35/35 MP: 8/8
  2489 | D:4      | HP: 7/35 [ogre/+0 giant club (22)]
  2490 | D:4      | 2490 ||| READING 2 scrolls of teleportation.
  2919 | D:4      | 2919 ||| UPGRADING to ring of poison resistance.
  2920 | D:4      | 2920 ||| READING scroll labelled ULUHINW CUEDA.
  2921 | D:4      | 2921 ||| READING 2 scrolls of identify.
  2921 | D:4      | 2921 ||| IDENTIFYING fizzy golden potion
  2922 | D:4      | 2922 ||| DROPPING potion of magic.
  2944 | D:5      | Entered Level 5 of the Dungeon
  2969 | D:5      | Reached skill level 10 in Ranged Weapons
  2974 | D:5      | Reached XP level 7. HP: 40/40 MP: 9/9
  3049 | D:5      | Reached skill level 11 in Ranged Weapons
  3119 | D:5      | Found a staircase to the Ecumenical Temple.
  3120 | D:5      | 3120 ||| PLANNING TEMPLE
  3120 | D:5      | 3120 ||| READING 2 scrolls of identify.
  3120 | D:5      | 3120 ||| IDENTIFYING puce potion
  3121 | D:5      | 3121 ||| DROPPING potion of ambrosia.
  3126 | Temple   | Entered the Ecumenical Temple
  3236 | Temple   | 3236 ||| PLANNING D:1-11
  3397 | D:5      | Found a glowing golden altar of the Shining One.
  3430 | D:5      | Found a white marble altar of Elyvilon.
  3609 | D:5      | Found a hazy altar of Hepliaklqana.
  3797 | D:5      | Found a shimmering altar of Xom.
  4159 | D:6      | Found a burning altar of Makhleb.
  4189 | D:6      | Identified the amulet "Darhis" {Regen+ SInv}
  4281 | D:6      | Reached skill level 12 in Ranged Weapons
  4405 | D:6      | Identified the +4 hand axe "Ocapimp" {freeze, rElec rPois
                  | rC++ Int+4}
  4421 | D:6      | Reached XP level 8. HP: 44/44 MP: 10/10
  4425 | D:6      | Reached skill level 1 in Armour
  4487 | D:6      | Found a hide-covered altar of Uskayaw.
  4487 | D:6      | Found a broken altar of Ashenzari.
  4532 | D:6      | Noticed Grinder
  4539 | D:6      | Killed Grinder
  4540 | D:6      | Reached skill level 3 in Fighting
  4632 | D:6      | Found a runed translucent door.
  4837 | D:6      | 4837 ||| UPGRADING to amulet "Darhis" {Regen+ SInv}.
  4837 | D:6      | HP: 11/46 [electric eel/bolt of electricity (9)]
  4839 | D:6      | HP: 1/46 [electric eel/bolt of electricity (11)]
  4840 | D:6      | Killed from afar by an electric eel

Levels and vault maps discovered:
D:1:      lemuel_arrival_tunnels, layout_rooms,
          shapermc_ecumenical_altar_mp_vishouse
D:2:      layout_loops_ring
D:3:      layout_loops_ring, mainiacjoe_overflow_six_doors_small,
          hangedman_decor_growths, grunt_ministairs_10
D:4:      layout_loops_ring, minmay_misc_feat_alley
D:5:      layout_basic, tso_metal_star, lemuel_doored_altar,
          worldfamousw_hep_ancestral_shrine, kennysheep_mini_moat,
          minmay_temple_entry_wispy
D:6:      layout_loops_ring, lightli_temple_of_fire, grunt_temple_overflow_open,
          nrook_pool_corridor, lightli_church_of_beogh, uniq_grinder
Temple:   nicolae_temple_two_arcs

Skill      XL: |  1  2  3  4  5  6  7  8 |
---------------+-------------------------+-----
Ranged Weapons | 6 7 8 9 10 12 | 12.3
Fighting       | 2 3 |  3.3
Dodging        | 3 4 |  4.1
Armour         | 1 |  1.0
Stealth        | |  1.2

Action                     |  1- 3 |  4- 6 |  7- 9 || total
---------------------------+-------+-------+-------++-------
   Fire: Shortbow          |   105 |   152 |    93 ||   350
    Use: Scroll            |     5 |     5 |     1 ||    11
         Potion            |     1 |     1 |       ||     2
 Armour: Leather armour    |     4 |       |       ||     4
         Ring mail         |     9 |    21 |    10 ||    40
  Dodge: Dodged            |    20 |    24 |    18 ||    62

Table legend:
 A = Non-vault XP
 B = Vault XP
 C = Vault XP percentage of total XP
 D = Non-vault monster count
 E = Vault monster count
 F = Vault count percentage of total count
                 A         B        C        D         E       F
            +---------+---------+-------+---------+---------+-------
      Total |    1487 |     277 |  15.7 |     112 |       3 |   2.6
            +---------+---------+-------+---------+---------+-------
        D:1 |      46 |       0 |   0.0 |      25 |       0 |   0.0
        D:2 |      41 |       0 |   0.0 |      16 |       0 |   0.0
        D:3 |     169 |      15 |   8.2 |      26 |       2 |   7.1
        D:4 |     296 |       0 |   0.0 |      22 |       0 |   0.0
        D:5 |     486 |       0 |   0.0 |      14 |       0 |   0.0
        D:6 |     449 |     262 |  36.8 |       9 |       1 |  10.0
            +---------+---------+-------+---------+---------+-------
